 Dungeon Crawl Stone Soup version bcrawl-1.12-10-g10a67aac0f (webtiles) character file.

Game seed: 420532390451388326

658 EnegeticOcto the Chopper (level 7, -2/60 HPs)
             Began as a Minotaur Sloth Apostle on June 13, 2019.
             Was an Initiate of Makhleb.
             Killed by the meddling of Cheibriados (21 damage)
             ... on level 4 of the Dungeon.
             The game lasted 00:03:28 (3124 turns).

EnegeticOcto the Chopper (Minotaur Sloth Apostle)   Turns: 3124, Time: 00:03:28

Health: -2/60      AC:  6    Str: 19    XL:     7   Next: 29%
Magic:  7/7        EV:  9    Int:  9    God:    Makhleb [......]
Gold:   316        SH:  9    Dex:  9    Spells: 8/8 levels left

rFire    . . .     SeeInvis .   m - +3 trident (venom)
rCold    . . .     Gourm    .   c - +0 shield
rNeg     . . .     Faith    .   f - +1 ring mail
rPois    .         Spirit   .   (helmet restricted)
rElec    .         Reflect  .   (no cloak)
rCorr    .         Harm     .   (no gloves)
MR       .....                  (no boots)
Stlth    +.........             (no amulet)
HPRegen  0.20/turn              (no ring)
MPRegen  0.10/turn              (no ring)

@: drained, very slow
A: retaliatory headbutt, horns 2
a: Renounce Religion


You were on level 4 of the Dungeon.
You worshipped Makhleb.
Makhleb was noncommittal.
You were not hungry.

You visited 1 branch of the dungeon, and saw 4 of its levels.

You collected 316 gold pieces.

Inventory:

Hand Weapons
 a - a +0 hand axe
 m - a +3 trident of venom (weapon)
 n - a +2 flail of draining
 u - a +0 morningstar
 A - a +0 war axe
Armour
 b - a +0 robe
 c - a +0 shield (worn)
 f - a +1 ring mail (worn)
Jewellery
 t - an uncursed ring of flight {unknown}
Wands
 d - a wand of paralysis (6)
 w - a wand of polymorph (9)
 C - a wand of scattershot (5)
Scrolls
 i - a scroll of fear {!r}
 j - a scroll of amnesia
 y - a scroll of fog {unknown}
 B - a scroll of enchant armour
 D - a scroll of immolation {unknown}
 E - 2 scrolls of identify {@r1}
Potions
 g - a potion of brilliance {unknown}
 h - 3 potions of magic {unknown}
 k - 2 potions of mutation {unknown}
 l - a potion of berserk rage {unknown}
 p - 2 potions of cancellation
 q - 3 potions of curing {@q1 !q}
 r - a potion of haste {@q4 !q}
 s - a potion of might {unknown}
 v - a potion of invisibility {unknown}
 z - a potion of degeneration {unknown}
Comestibles
 e - 8 rations {!d}


   Skills:
 + Level 4.5(3.9) Fighting
 * Level 6.0(5.4) Axes
 + Level 3.5(2.9) Armour
 + Level 3.2(2.6) Dodging
 - Level 2.6(2.1) Stealth
 + Level 4.5(3.8) Shields
 - Level 1.0(0.4) Spellcasting
   Level 0.5(0.0) Hexes
 - Level 0.8(0.3) Evocations


You had 8 spell levels left.
You didn't know any spells.
Your spell library was empty.

Dungeon Overview and Level Annotations

Branches:
Dungeon (4/12)
 Temple: D:4-7

Altars:
Makhleb
Wu Jian


Innate Abilities, Weirdness & Mutations

You reflexively headbutt those who attack you in melee.
You have a pair of horns on your head.


Message History

A frilled lizard comes into view.
A frilled lizard is nearby!
A frilled lizard is nearby!
A frilled lizard is nearby!
No reachable target in view!
No reachable target in view!
No reachable target in view!
No reachable target in view!
No reachable target in view!
No reachable target in view!
You see here a blowgun.
An orc and a zombie come into view.
The orc shouts!
There are monsters nearby!
There are monsters nearby!
There are monsters nearby!
You block the orc's attack.
You hit the orc.
The orc is poisoned.
The orc is heavily wounded.
You block the orc's attack.
You barely miss the orc.
The orc is heavily wounded.
You block the orc's attack.
You hit the orc.
The orc looks as sick as possible!
Your headbutt misses the orc.
The orc is almost dead.
You kill the orc!
Makhleb accepts your kill.
No target in view!
No target in view!
No target in view!
Things that are here:
a +0 short sword; a +0 leather armour Eating one of 2 chunks of flesh.
You eat one of the 2 chunks of flesh.
This raw flesh tastes terrible.
Things that are here:
a +0 short sword; a +0 leather armour All of the chunks of flesh in your inventory have rotted away.
You open the door.
There is an open door here.
You now have 316 gold pieces (gained 18).
You open the door.
There is an open door here.
A quokka comes into view.
A quokka is nearby!
A quokka is nearby!
A quokka is nearby!
The quokka barely misses you. You furiously retaliate!
You headbutt the quokka!
You kill the quokka!
Makhleb accepts your kill.
No target in view!
No target in view!
No target in view!
No target in view!
No target in view!
No target in view!
E - 2 scrolls of identify {@r1} (gained 1) Time shudders.
Something reaches out for you...
A soul eater comes into view.
A soul eater is nearby!
A soul eater is nearby!
A soul eater is nearby!
Attack whom?
Press: ? - help, Dir - move target cursor, f - soul eater
Aim: a soul eater (summoned)
You reach to attack!
You barely miss the soul eater.
Attack whom?
Press: ? - help, Dir - move target cursor, f/p - soul eater
Aim: a soul eater (summoned)
You reach to attack!
You closely miss the soul eater.
You hit the soul eater but do no damage.
The soul eater is poisoned.
The soul eater hits you!
You feel drained.
You closely miss the soul eater. You headbutt the soul eater.
The soul eater is lightly wounded.
The soul eater barely misses you.
You puncture the soul eater!
The soul eater is moderately wounded.
You block the soul eater's attack.
You closely miss the soul eater.
The soul eater is heavily wounded.
The soul eater hits you! The soul eater hits you.
You feel drained.
You are too injured to fight recklessly!
You are too injured to fight recklessly!
You are too injured to fight recklessly!
You are too injured to fight recklessly!
You are too injured to fight recklessly!
You are too injured to fight recklessly!
You are too injured to fight recklessly!
You are too injured to fight recklessly!
Really read
o - a scroll of teleportation {@r3 !r}?
As you read the scroll of teleportation {@r3 !r}, it crumbles to dust.
You feel strangely unstable. The soul eater hits you!
* * * LOW HITPOINT WARNING * * *
The soul eater hits you but does no damage.
Your surroundings suddenly seem different.
Found a whip.
You see here a whip.
Time shudders.
You are caught in a strong localised spatial distortion.
You die...

#############
#....@.......
#.###########
#.# #.# #.#
#.#
##.########
..........


There were no monsters in sight!

Vanquished Creatures
  Sigmund (D:3)
  A phantom (D:3)
  An ogre (D:4)
  A crimson imp (D:4)
  2 orc priests
  Ijyb (D:3)
  An orc wizard (D:3)
  2 hound skeletons
  5 adders
  An ooze (D:3)
  3 worms
  A dart slug (D:2)
  4 leopard geckos (D:2)
  15 orcs
  A ball python (D:2)
  6 bats
  4 giant cockroaches
  3 goblins
  8 hobgoblins
  6 jackals
  3 quokkas
  5 frilled lizards
  13 kobolds
  6 rats
94 creatures vanquished.

Notes
Turn   | Place    | Note
-------+----------+-------------------------------------------
     0 | D:1      | EnegeticOcto the Minotaur Sloth Apostle began the quest for
                  | the Orb.
     0 | D:1      | Reached XP level 1. HP: 18/18 MP: 1/1
   119 | D:1      | Reached XP level 2. HP: 24/25 MP: 2/2
   277 | D:1      | Reached skill level 3 in Axes
   277 | D:1      | Reached * piety under Cheibriados
   277 | D:1      | Reached skill level 1 in Armour
   566 | D:1      | Reached skill level 1 in Dodging
   621 | D:2      | Reached XP level 3. HP: 30/30 MP: 3/3
  1106 | D:2      | Reached ** piety under Cheibriados
  1262 | D:2      | Reached XP level 4. HP: 37/38 MP: 4/4
  1347 | D:2      | Found an ornate altar of the Wu Jian Council.
  1491 | D:3      | Reached skill level 4 in Axes
  1494 | D:3      | Reached XP level 5. HP: 27/45 MP: 5/5
  1567 | D:3      | Noticed a phantom
  1584 | D:3      | Killed a phantom
  1584 | D:3      | Reached *** piety under Cheibriados
  1761 | D:3      | Noticed Ijyb
  1787 | D:3      | Killed Ijyb
  1787 | D:3      | Reached XP level 6. HP: 34/52 MP: 6/6
  2245 | D:3      | Reached skill level 5 in Axes
  2349 | D:3      | Noticed Sigmund
  2361 | D:3      | Killed Sigmund
  2660 | D:4      | Reached XP level 7. HP: 60/60 MP: 7/7
  2684 | D:4      | Found a burning altar of Makhleb.
  2696 | D:4      | Fell from the grace of Cheibriados
  2696 | D:4      | Became a worshipper of Makhleb the Destroyer
  2775 | D:4      | Reached skill level 6 in Axes
  3106 | D:4      | Noticed a soul eater
  3124 | D:4      | Killed by the meddling of Cheibriados

Skill      XL: |  1  2  3  4  5  6  7 |
---------------+----------------------+-----
Axes           | 3 4 5 6 |  6.0
Armour         | 1 2 3 |  3.5
Dodging        | 1 2 3 |  3.2
Fighting       | 3 4 |  4.5
Shields        | 3 4 |  4.5
Stealth        | |  2.6
Spellcasting   | |  1.0
Hexes          | |  0.5
Evocations     | |  0.8

Action                   |  1- 3 |  4- 6 |  7- 9 || total
-------------------------+-------+-------+-------++-------
Melee: Hand axe          |    60 |       |       ||    60
       Headbutt          |    10 |    16 |     4 ||    30
       Trident           |    36 |    87 |    26 ||   149
       Unarmed           |       |    12 |       ||    12
Evoke: Wand              |       |     4 |       ||     4
  Use: Scroll            |       |     9 |     1 ||    10
 Stab: Sleeping          |     3 |     5 |       ||     8
       Paralysed         |       |     4 |       ||     4
  Eat: Chunk             |       |     2 |     2 ||     4
Armor: Ring mail         |    30 |    13 |     3 ||    46
       Robe              |     2 |       |       ||     2
       Skin              |       |     1 |       ||     1
Dodge: Dodged            |    32 |    16 |     6 ||    54
Block: Shield            |    54 |    28 |    10 ||    92
